 Dungeon Crawl Stone Soup version 0.25-a0-294-gea9b1ad378 (webtiles) character file.

Game seed: 12596523139559520731, levelgen mode: deterministic

49541 Faustar the Warrior (level 14, -7/138 (140) HPs)
             Began as a Minotaur Berserker on Dec 19, 2019.
             Was a High Priest of Trog.
             Mangled by an azure jelly (44 damage)
             ... on level 5 of the Lair of Beasts.
             The game lasted 00:28:10 (15552 turns).

Faustar the Warrior (Minotaur Berserker)           Turns: 15552, Time: 00:28:11

HP:   -7/138 (140)  AC:  9    Str: 25    XL:     14   Next: 16%
MP:   13/13         EV: 21    Int:  4    God:    Trog [*****.]
Gold: 1425          SH:  9    Dex: 12    Spells: 13/13 levels left

rFire    . . .     SeeInvis .   y - +2 war axe (flame)
rCold    . . .     Gourm    .   u - +1 buckler
rNeg     . . .     Faith    .   q - +0 troll leather armour {Purgy}
rPois    .         Spirit   .   (helmet restricted)
rElec    .         Reflect  +   I - +0 cloak
rCorr    .         Harm     .   (no gloves)
MR       +....                  n - +0 pair of boots
Stlth    +.........             H - +3 amulet of reflection
HPRegen  0.73/turn              (no ring)
MPRegen  0.13/turn              K - +4 ring of evasion

@: no status effects
A: retaliatory headbutt, horns 2
a: Berserk, Trog's Hand, Brothers in Arms, Renounce Religion


You were on level 5 of the Lair of Beasts.
You worshipped Trog.
Trog was extremely pleased with you.
You were not hungry.

You visited 2 branches of the dungeon, and saw 16 of its levels.
You visited the Abyss 1 time.
You also visited: Sewer.

You collected 1425 gold pieces.

Inventory:

Hand Weapons
 f - a +6 battleaxe
 y - a +2 war axe of flaming (weapon)
Armour
 n - a +0 pair of boots (worn)
 q - a +0 troll leather armour (worn) {Purgy}
 u - a +1 buckler (worn)
 I - a +0 cloak (worn)
Jewellery
 o - an uncursed ring of see invisible
 B - an uncursed amulet of magic regeneration
 H - a +3 amulet of reflection (around neck)
 K - a +4 ring of evasion (right hand)
Wands
 b - a wand of disintegration (22)
 e - a wand of flame (43)
 s - a wand of digging (6)
 z - a wand of acid (6)
 A - a wand of polymorph (13)
 D - a wand of enslavement (11)
 J - a wand of paralysis (14)
Scrolls
 d - 8 scrolls of remove curse
 h - 4 scrolls of fog
 k - 11 scrolls of teleportation
 l - 2 scrolls of magic mapping
 p - a scroll of enchant weapon
 t - 4 scrolls of identify
 x - a scroll of blinking
 E - 2 scrolls of enchant armour
 F - 2 scrolls of fear
Potions
 g - 4 potions of heal wounds
 i - 4 potions of curing
 j - 3 potions of invisibility
 m - 3 potions of cancellation
 r - 4 potions of flight
 v - a potion of berserk rage
 w - 3 potions of lignification
 G - a potion of experience {unknown}
Comestibles
 a - 3 chunks of flesh
 c - 27 rations


   Skills:
 - Level 17.0 Fighting
 - Level 17.0 Axes
 + Level 11.2 Armour
 + Level 10.4 Dodging
 - Level 4.1 Shields


You had 13 spell levels left.
You didn't know any spells.
Your spell library was empty.

Dungeon Overview and Level Annotations

Branches:
Dungeon (10/15)            Temple (0/1) D:5            Lair (6/6) D:9
 Shoals (0/4) Lair:4       Spider (0/4) Lair:2        Slime (0/5) Lair:5
  Sewer (visited)
    Orc: D:9-12

Altars:
Cheibriados
Elyvilon
Fedhas
Gozag
Nemelex Xobeh
Ru
Sif Muna
Trog
Vehumet
Wu Jian
Xom
The Shining One
Jiyva

Shops:
D:8 }

Annotations:
D:3 2 transporters
Lair:4 2 transporters, Fotwecig's ghost, journeyman GnWz


Innate Abilities, Weirdness & Mutations

You reflexively headbutt those who attack you in melee.
You have a pair of horns on your head.


Message History

The azure jelly misses you. The azure jelly barely misses you.
You hit the azure jelly but do no damage.
The azure jelly is moderately wounded.
The azure jelly jiggles.
You block the azure jelly's attack. The azure jelly barely misses you.
The azure jelly completely misses you. The azure jelly misses you.
You slash the azure jelly! You burn the azure jelly.
Your headbutt misses the azure jelly.
The azure jelly is heavily wounded.
The azure jelly jiggles.
The azure jelly closely misses you. The azure jelly hits you.
The azure jelly freezes you!! The azure jelly closely misses you.
You block the azure jelly's attack.
You are too injured to fight recklessly!
You closely miss the azure jelly. Your headbutt misses the azure jelly.
The azure jelly is heavily wounded.
The azure jelly hits you.
* * * LOW HITPOINT WARNING * * *
The azure jelly freezes you!!!
You die...

....≈≈≈≈####
...≈≈≈≈≈≈≈≈##
.P≈≈≈P≈≈≈##.# ###
....#.P≈≈##.####P##
..................#
......#..#.#.....####
..###.##########.##.#
### ### #..J.##
#########@#.#
##.#.#P###.###
##...>......#
#..#.......##
#....###..##
##..###.#.# ###
##P.P# #####
#.###PP.## .........#


You could see an azure jelly.

Vanquished Creatures
  Snorg (Lair:5)
  Josephine (Lair:5)
  2 death oozes (Lair:5)
  6 hydras
  A great orb of eyes (Abyss:1)
  A two-headed ogre (D:10)
  An anaconda (Lair:5)
  A catoblepas (Lair:6)
  6 death yaks
  A deep troll shaman (Lair:6)
  An unseen horror (D:10)
  Pikel (D:5)
  A lindwurm (Lair:6)
  An ugly thing (D:10)
  A cyclops (D:8)
  11 elephants
  A manticore (D:8)
  Maurice (D:10)
  Psyche (D:8)
  A torpor snail (Lair:3)
  5 black mambas
  6 spiny frogs
  3 rime drakes
  5 komodo dragons
  A queen bee (Lair:4)
  3 meliai (Lair:4)
  2 polar bears (Lair:6)
  Prince Ribbit (D:6)
  3 hornets
  10 blink frogs
  10 hippogriffs
  3 wraiths (Lair:5)
  A wyvern (D:8)
  A spriggan (D:8)
  23 yaks
  Grum (D:8)
  A basilisk (Lair:1)
  2 chaos spawn (Abyss:1)
  A steam dragon (Lair:2)
  Edmund (D:5)
  20 water moccasins
  Purgy (Sewer)
  10 porcupines
  3 black bears
  A hornet zombie (D:6)
  Duvessa (D:6)
  3 ice beasts
  2 orc warriors
  3 phantoms
  A slave (D:5)
  2 sky beasts
  A necrophage (D:9)
  5 ogres
  27 wolves
  2 centaurs
  11 crocodiles
  15 bullfrogs
  Dowan (D:6)
  A scorpion (D:9)
  27 killer bees
  5 wights (D:10)
  3 crimson imps
  3 hounds
  2 jellies
  2 quasits
  11 orc wizards
  A centaur skeleton (D:10)
  2 orc priests (D:8)
  2 iguanas
  8 worker ants
  A killer bee zombie (D:10)
  A worker ant zombie (D:7)
  Robin (D:4)
  12 adders
  7 gnolls
  4 shadow imps
  4 oozes
  2 adder skeletons
  5 worms
  A dart slug (D:1)
  13 leopard geckos
  24 orcs
  4 ball pythons
  16 bats
  7 giant cockroaches
  10 hobgoblins
  18 jackals
  9 kobolds
  7 quokkas
  8 frilled lizards
  22 goblins
  A quokka skeleton (D:7)
  9 rats
  14 fungi
  7 plants
507 creatures vanquished.

Vanquished Creatures (collateral kills)
  2 killer bees (Lair:4)
2 creatures vanquished.

Vanquished Creatures (others)
  6 fungi (D:9)
  3 plants
  4 toadstools (D:1)
13 creatures vanquished.

Grand Total: 522 creatures vanquished

Notes
Turn   | Place    | Note
-------+----------+-------------------------------------------
     0 | D:1      | Faustar the Minotaur Berserker began the quest for the Orb.
     0 | D:1      | Reached XP level 1. HP: 19/19 MP: 0/0
   116 | D:1      | Reached XP level 2. HP: 20/27 MP: 1/1
   838 | D:2      | Reached XP level 3. HP: 21/34 MP: 2/2
  1196 | D:2      | Reached skill level 5 in Axes
  1196 | D:2      | Reached XP level 4. HP: 29/41 MP: 3/3
  1262 | D:2      | Found a sparkling altar of Nemelex Xobeh.
  1277 | D:2      | Reached skill level 5 in Fighting
  1472 | D:2      | Reached ** piety under Trog
  1970 | D:3      | Found a glowing drain.
  1994 | D:3      | Reached XP level 5. HP: 19/48 MP: 4/4
  1996 | Sewer    | Entered a sewer
  2229 | Sewer    | Noticed Purgy
  2235 | Sewer    | Killed Purgy
  2451 | D:3      | Found a shimmering altar of Xom.
  2459 | D:3      | Reached XP level 6. HP: 54/57 MP: 5/5
  2481 | D:3      | Found an ornate altar of the Wu Jian Council.
  2534 | D:3      | Found a transporter.
  2535 | D:3      | Found a transporter.
  2535 | D:3      | Noticed a komodo dragon
  2671 | D:3      | Reached *** piety under Trog
  2878 | D:3      | Found a glowing golden altar of the Shining One.
  3093 | D:4      | Reached skill level 1 in Shields
  3247 | D:4      | Reached XP level 7. HP: 38/64 MP: 6/6
  3377 | D:4      | Noticed Robin
  3382 | D:4      | Reached **** piety under Trog
  3390 | D:4      | Killed Robin
  3423 | D:4      | Found a shimmering blue altar of Sif Muna.
  3759 | D:5      | Entered Level 5 of the Dungeon
  3776 | D:5      | Found a staircase to the Ecumenical Temple.
  3965 | D:5      | Found an opulent altar of Gozag.
  4124 | D:5      | Found a radiant altar of Vehumet.
  4127 | D:5      | Found a white marble altar of Elyvilon.
  4127 | D:5      | Noticed Edmund
  4141 | D:5      | Killed Edmund
  4163 | D:5      | Found an opulent altar of Gozag.
  4166 | D:5      | Found a sacrificial altar of Ru.
  4305 | D:5      | Reached XP level 8. HP: 70/74 MP: 7/7
  4329 | D:5      | Noticed Pikel
  4339 | D:5      | Killed Pikel
  4384 | D:5      | Found a blossoming altar of Fedhas.
  4701 | D:6      | Noticed Prince Ribbit
  4718 | D:6      | Killed Prince Ribbit
  4718 | D:6      | Reached skill level 10 in Fighting
  4718 | D:6      | Reached skill level 10 in Axes
  4718 | D:6      | Reached XP level 9. HP: 70/85 MP: 8/8
  4962 | D:6      | Noticed Dowan
  4964 | D:6      | Noticed Duvessa
  4967 | D:6      | Killed Dowan
  4973 | D:6      | Killed Duvessa
  5356 | D:7      | Reached ***** piety under Trog
  5356 | D:7      | Received a gift from Trog
  5541 | D:7      | Found a snail-covered altar of Cheibriados.
  6090 | D:8      | Noticed Psyche
  6090 | D:8      | Noticed Grum
  6110 | D:8      | Killed Grum
  6116 | D:8      | Cast into level 1 of the Abyss (Psyche)
  6180 | Abyss:1  | Noticed an ancient zyme
  6196 | Abyss:1  | Noticed a wretched star
  6222 | Abyss:1  | Noticed an orb spider
  6264 | Abyss:1  | Noticed a great orb of eyes
  6274 | Abyss:1  | Killed a great orb of eyes
  6274 | Abyss:1  | Reached XP level 10. HP: 79/99 MP: 9/9
  6280 | D:8      | Escaped the Abyss
  6688 | D:8      | Killed Psyche
  6951 | D:8      | Found Dyppu's Gadget Shoppe.
  7293 | D:9      | Found a staircase to the Lair.
  7526 | D:9      | Paralysed by a hornet for 3 turns
  7714 | D:9      | Reached XP level 11. HP: 108/108 MP: 10/10
  8620 | D:10     | Entered Level 10 of the Dungeon
  8824 | D:10     | Noticed Maurice
  8836 | D:10     | Killed Maurice
  8997 | D:10     | Noticed an unseen horror
  9002 | D:10     | Killed an unseen horror
  9052 | D:10     | Noticed a cyan ugly thing
  9057 | D:10     | Killed a cyan ugly thing
  9096 | D:10     | Noticed a two-headed ogre
  9102 | D:10     | Killed a two-headed ogre
  9196 | D:10     | Reached skill level 15 in Axes
  9198 | D:10     | Reached skill level 15 in Fighting
  9478 | Lair:1   | Entered Level 1 of the Lair of Beasts
  9801 | Lair:1   | Found a sacrificial altar of Ru.
  9812 | Lair:1   | Noticed a four-headed hydra
  9823 | Lair:1   | Killed a one-headed hydra
 10634 | Lair:2   | Reached XP level 12. HP: 102/122 MP: 11/11
 11079 | Lair:2   | Found a hole to the Spider Nest.
 11134 | Lair:2   | Received a gift from Trog
 11597 | Lair:3   | Noticed a death yak
 11598 | Lair:3   | Noticed a death yak
 11610 | Lair:3   | Killed a death yak
 11615 | Lair:3   | Killed a death yak
 11894 | Lair:3   | Noticed a four-headed hydra
 11902 | Lair:3   | Killed a one-headed hydra
 13006 | Lair:4   | Reached skill level 5 in Armour
 13038 | Lair:4   | Found a transporter.
 13040 | Lair:4   | Found a transporter.
 13040 | Lair:4   | Found a staircase to the Shoals.
 13078 | Lair:4   | Identified the +2 trident of Unpleasantness {antimagic,
                  | *Noise *Drain rN+++ Dex+2}
 13079 | Lair:4   | Noticed Fotwecig's ghost (journeyman GnWz)
 13080 | Lair:4   | Found a bloodstained altar of Trog.
 13206 | Lair:5   | Reached XP level 13. HP: 119/132 MP: 12/12
 13239 | Lair:5   | Noticed Snorg
 13248 | Lair:5   | Killed Snorg
 13248 | Lair:5   | Reached skill level 5 in Dodging
 13607 | Lair:5   | Noticed Josephine
 13623 | Lair:5   | Killed Josephine
 13659 | Lair:5   | Received a gift from Trog
 14232 | Lair:5   | Found a viscous altar of Jiyva.
 14232 | Lair:5   | Found a staircase to the Slime Pits.
 14335 | Lair:6   | Entered Level 6 of the Lair of Beasts
 14710 | Lair:6   | Reached skill level 10 in Armour
 14891 | Lair:6   | Received a gift from Trog
 14927 | Lair:6   | Reached XP level 14. HP: 96/140 MP: 13/13
 15081 | Lair:6   | Reached skill level 10 in Dodging
 15172 | Lair:6   | Found a viscous altar of Jiyva.
 15173 | Lair:6   | Noticed an acid blob
 15178 | Lair:6   | Noticed an azure jelly
 15552 | Lair:5   | Mangled by an azure jelly

Levels and vault maps discovered:
D:1:      ldierk_water_garden, layout_basic, st_stairs_10
D:2:      layout_rooms, lemuel_round_altar, first_ration
D:3:      layout_basic, gammafunk_temple_overflow_arena,
          chequers_temple_overflow_statue_of_worship, portal_sewer_entry_a,
          minmay_joined_circles
D:4:      layout_rooms, led_sif_book, uniq_robin
D:5:      layout_gridville, grunt_temple_overflow_cloverleaf,
          minmay_temple_entry_from_below_a, basic_altar, fedhas_altar_3,
          uniq_edmund, uniq_pikel
D:6:      layout_rooms, hex_tiny, small_statue_alley_b, uniq_duvessa,
          uniq_prince_ribbit1
D:7:      layout_basic, basic_altar
D:8:      minmay_klotski, layout_basic, serial_shops, shop, the_bakery,
          minivault_27, corexii_corridor_pit, uniq_psyche, uniq_grum
D:9:      layout_gridville, due_lair_maze_entry_diamond
D:10:     layout_grid_maze, uniq_maurice
Lair:1:   layout_cave_pods, basic_altar
Lair:2:   layout_roguey, spider_nest_entry_web_field
Lair:3:   layout_regular_city
Lair:4:   layout_roguey [special_room_bee], shoals_dummy_entry,
          gammafunk_ghost_wrathful_warriors, roderic_batcave
Lair:5:   beast_lair_carwin_large_4, layout_loops_ring,
          dpeg_slime_entry_enclosed_altar, grunt_megastairs_2,
          serial_bayou_shore_b, uniq_josephine, uniq_snorg
Lair:6:   grunt_lair_end_beastmaster, layout_long_grid, special_room
          [special_room_jelly]

Skill      XL: |  1  2  3  4  5  6  7  8  9 10 11 12 13 14 |
---------------+-------------------------------------------+-----
Fighting       | 4 5 6 8 10 12 13 15 17 | 17.0
Axes           | 4 5 6 8 10 12 13 15 17 | 17.0
Shields        | 4 |  4.1
Armour         | 5 10 11 | 11.2
Dodging        | 4 9 10 | 10.4

Action                   |  1- 3 |  4- 6 |  7- 9 | 10-12 | 13-15 || total
-------------------------+-------+-------+-------+-------+-------++-------
Melee: Hand axe          |    72 |   176 |    79 |       |       ||   327
       Headbutt          |    10 |    28 |    38 |   102 |    86 ||   264
       War axe           |       |       |   153 |   418 |   303 ||   874
       Unarmed           |       |       |       |     4 |       ||     4
Invok: Berserk           |     4 |     3 |     6 |    12 |     4 ||    29
       Trog's Hand       |       |     2 |    10 |    10 |     2 ||    24
Evoke: Wand              |       |       |     9 |     6 |       ||    15
  Use: Scroll            |       |     3 |     3 |    11 |       ||    17
       Potion            |       |       |     6 |     1 |       ||     7
 Stab: Sleeping          |     1 |     1 |     1 |       |     1 ||     4
       Confused          |       |       |       |     3 |       ||     3
       Petrified         |       |       |       |       |     9 ||     9
       Petrifying        |       |       |       |       |     1 ||     1
  Eat: Ration            |     1 |       |     1 |     3 |       ||     5
       Chunk             |       |    10 |    17 |    26 |    12 ||    65
Armor: Animal skin       |    12 |     4 |       |       |       ||    16
       Ring mail         |       |    23 |       |       |       ||    23
       Troll leather arm |       |    25 |    50 |    74 |    33 ||   182
       Skin              |       |       |       |     1 |       ||     1
Dodge: Dodged            |    45 |    99 |   117 |   229 |   193 ||   683
Block: Buckler           |       |       |    55 |   115 |   115 ||   285
       Reflection        |       |       |       |       |     1 ||     1

Table legend:
 A = Non-vault XP
 B = Vault XP
 C = Vault XP percentage of total XP
 D = Non-vault monster count
 E = Vault monster count
 F = Vault count percentage of total count
                 A         B        C        D         E       F
            +---------+---------+-------+---------+---------+-------
      Total |   43501 |   27272 |  38.5 |     332 |     155 |  31.8
            +---------+---------+-------+---------+---------+-------
        D:1 |      30 |       9 |  23.1 |      15 |       4 |  21.1
        D:2 |     113 |       0 |   0.0 |      20 |       0 |   0.0
        D:3 |     392 |      43 |   9.9 |      34 |      19 |  35.8
        D:4 |     203 |     113 |  35.8 |      15 |      14 |  48.3
        D:5 |     399 |     839 |  67.8 |      18 |       2 |  10.0
        D:6 |     773 |     487 |  38.7 |      23 |       3 |  11.5
        D:7 |    1147 |       0 |   0.0 |      24 |       0 |   0.0
        D:8 |    1483 |    3012 |  67.0 |      22 |      15 |  40.5
        D:9 |    2353 |    1050 |  30.9 |      25 |       7 |  21.9
       D:10 |    3353 |     472 |  12.3 |      18 |       1 |   5.3
     Lair:1 |    3812 |       0 |   0.0 |      17 |       0 |   0.0
     Lair:2 |    7753 |       0 |   0.0 |      33 |       0 |   0.0
     Lair:3 |    3836 |       0 |   0.0 |       7 |       0 |   0.0
     Lair:4 |    1918 |    2710 |  58.6 |      10 |      37 |  78.7
     Lair:5 |    3070 |    9611 |  75.8 |      11 |      24 |  68.6
     Lair:6 |   11462 |    8772 |  43.4 |      36 |      21 |  36.8
    Abyss:1 |    1404 |       0 |   0.0 |       4 |       0 |   0.0
      Sewer |       0 |     154 | 100.0 |       0 |       8 | 100.0
            +---------+---------+-------+---------+---------+-------
